 Dungeon Crawl Stone Soup version 0.27-a0-328-g7f782ed93a (webtiles) character file.

Game seed: 15030791197007875787

690 mandarbmax the Changer (level 7, 0/56 HPs)
             Began as a White Draconian Transmuter on Feb 12, 2021.
             Was an Initiate of Qazlal.
             Killed from afar by an orc wizard (8 damage)
             ... with a magic dart
             ... on level 5 of the Dungeon.
             The game lasted 00:12:23 (7515 turns).

mandarbmax the Changer (White Draconian Transmuter) Turns: 7515, Time: 00:12:24

Health: 0/56       AC:  2    Str: 13    XL:     7   Next: 36%
Magic:  7/10       EV: 20    Int: 15    God:    Qazlal [......]
Gold:   346        SH:  0    Dex: 16    Spells: 4/10 levels left

rFire    . . .     SeeInvis .     - Unarmed
rCold    . . .     Faith    .   (shield currently unavailable)
rNeg     . . .     Spirit   .   (armour unavailable)
rPois    x         Reflect  .   (helmet currently unavailable)
rElec    .         Harm     .   (cloak currently unavailable)
rCorr    .         Rampage  .   (gloves currently unavailable)
Will     .....                  (boots currently unavailable)
Stlth    +.........             (no amulet)
HPRegen  0.18/turn              (no ring)
MPRegen  0.12/turn              (no ring)

@: confused, mighty, lethally poisoned (0 -> -31), spider-form (expiring)
A: tiny, (breathe frost), unfitting armour, AC +6
a: End Transformation, Renounce Religion


You were on level 5 of the Dungeon.
You worshipped Qazlal.
Qazlal was noncommittal.
You were a venomous arachnid creature.
You visited 2 branches of the dungeon, and saw 6 of its levels.

You collected 346 gold pieces.

Inventory:

Missiles
 a - a throwing net
 b - 8 atropa-tipped darts
 p - 19 poisoned darts (quivered)
Armour
 l - a +0 pair of gloves (melded)
Scrolls
 d - a scroll of magic mapping
 h - 4 scrolls of fog
 m - 2 scrolls of teleportation {unknown}
 n - a scroll of blinking {unknown}
 o - 2 scrolls of fear
Potions
 c - a potion of resistance
 e - a potion of flight
 f - a potion of invisibility
 g - 2 potions of might
 i - a potion of heal wounds
 j - a potion of attraction
 k - 2 potions of curing
 q - a potion of mutation


   Skills:
 + Level 2.6 Fighting
 + Level 2.3 Dodging
 * Level 4.5 Unarmed Combat
 - Level 2.0 Spellcasting
 - Level 7.0 Transmutations


You had 4 spell levels left.
You knew the following spells:

 Your Spells              Type           Power        Failure   Level
a - Beastly Appendage     Tmut           44%          6%          1
b - Wereblood             Tmut           22%          8%          2
c - Spider Form           Tmut/Pois      6%           34%         3

Your spell library contained the following spells:

 Spells                   Type           Power        Failure   Level
 Ice Form                 Ice/Tmut       12%          67%         4
 Blade Hands              Tmut           11%          56%         5


Dungeon Overview and Level Annotations

Branches:
Dungeon (5/15)             Temple (1/1) D:5

Altars:
Ashenzari
Cheibriados
Dithmenos
Elyvilon
Fedhas
Gozag
Hepliaklqana
Kikubaaqudgha
Makhleb
Nemelex Xobeh
Okawaru
Qazlal
Ru
Sif Muna
Trog
Uskayaw
Vehumet
Wu Jian
Xom
Yredelemnul
Zin
The Shining One

Annotations:
D:3 3 runed translucent doors, ArcanElement's ghost, amateur HuFi


Innate Abilities, Weirdness & Mutations

((You can breathe waves of freezing cold.))
((You can buffet flying creatures when you breathe cold.))
((Your icy white scales are hard. (AC +6)))
You cannot fit into any form of body armour.
((Your flesh is cold resistant. (rC+)))
((You are cold-blooded and may be slowed by cold attacks.))


Message History

* * * LOW HITPOINT WARNING * * *
It was a potion of heal wounds.
You feel much better. Something hits you but does no damage.
You are poisoned.
Something closely misses you.
You closely miss something.
You feel sick. Something hits you.
You are lethally poisoned!
Something hits you.
You bite something!
You feel very sick. Something closely misses you.
You hear some strange, mumbled words.
You are confused.
You bite something! Qazlal accepts your kill.
Reactivating autopickup.
You feel a bit more experienced.
You feel sick.
You hear some strange, mumbled words.
Deactivating autopickup; reactivate with Ctrl-A.
Something tries to affect you, but you resist.
You're too confused to move!
You feel sick.
You hear some strange, mumbled words.
You are more confused.
Your transformation is almost over.
You feel sick. Something completely misses you.
Things that are here:
a +0 dagger; a +0 robe; an orc corpse You feel sick.
Something hits you but does no damage.
You are more poisoned.
* * * LOW HITPOINT WARNING * * *
You feel very sick. Something barely misses you.
* * * LOW HITPOINT WARNING * * *
You feel very sick.
* * * LOW HITPOINT WARNING * * *
You feel very sick.
You hear some strange, mumbled words.
A magic dart appears from out of thin air!
The magic dart hits you!
You die...

..## #.. ....#
....###.# #....##
#......# #.....###
#.....###........
#....##.......#
##............##
#...)).........##
##.###.s.).............
#.......{)###...###....
....(....## ##..# #.#
...####..#####..# #.#
#. #.........# #.## #
##........#####..#
..######...##...# .##
#........# . #..###....


There were no monsters in sight!

Vanquished Creatures
  An ogre (D:4)
  A scorpion (D:4)
  A centaur zombie (D:5)
  An orc priest (D:4)
  A bullfrog skeleton (D:5)
  4 orc wizards
  An iguana (D:5)
  4 worker ants
  3 gnolls (D:4)
  5 adders
  A white imp (D:5)
  5 oozes
  An adder skeleton (D:4)
  7 worms
  6 dart slugs
  5 leopard geckos
  13 orcs
  8 bats
  3 giant cockroaches
  13 goblins
  9 hobgoblins
  2 jackals (D:1)
  2 quokkas
  7 frilled lizards
  7 kobolds
  A leopard gecko skeleton (D:4)
  A quokka zombie (D:5)
  11 rats
124 creatures vanquished.

Vanquished Creatures (others)
  13 plants (D:4)
13 creatures vanquished.

Grand Total: 137 creatures vanquished

Notes
Turn   | Place    | Note
-------+----------+-------------------------------------------
     0 | D:1      | mandarbmax the Draconian Transmuter began the quest for the
                  | Orb.
     0 | D:1      | Reached XP level 1. HP: 16/16 MP: 3/3
    83 | D:1      | Reached XP level 2. HP: 18/23 MP: 3/5
   603 | D:1      | Learned a level 2 spell: Wereblood
   684 | D:1      | Reached XP level 3. HP: 28/28 MP: 4/6
  1689 | D:2      | Reached skill level 3 in Transmutations
  1689 | D:2      | Reached XP level 4. HP: 11/36 MP: 4/7
  1695 | D:2      | HP: 1/36 [worm (3)]
  2794 | D:3      | Found a runed translucent gate.
  2794 | D:3      | Found a runed translucent gate.
  2794 | D:3      | Found a runed translucent gate.
  2798 | D:3      | Noticed ArcanElement's ghost (amateur HuFi)
  3157 | D:3      | Reached skill level 4 in Transmutations
  3212 | D:3      | Reached XP level 5. HP: 36/41 MP: 4/8
  4576 | D:4      | Learned a level 3 spell: Spider Form
  4721 | D:4      | Reached skill level 5 in Transmutations
  4951 | D:4      | Reached XP level 6. HP: 38/48 MP: 5/9
  5657 | D:4      | Reached skill level 6 in Transmutations
  6155 | D:4      | Your scales start taking on an icy white colour.
  6155 | D:4      | Reached XP level 7. HP: 55/55 MP: 6/10
  6155 | D:4      | Gained mutation: Your flesh is cold resistant. (rC+) [White
                  | Draconian growth]
  6579 | D:5      | Entered Level 5 of the Dungeon
  6579 | D:5      | Found a staircase to the Ecumenical Temple.
  6581 | D:5      | Found a glowing silver altar of Zin.
  6585 | Temple   | Entered the Ecumenical Temple
  6649 | Temple   | Became a worshipper of Qazlal Stormbringer
  6719 | D:5      | Reached skill level 7 in Transmutations
  7515 | D:5      | Killed from afar by an orc wizard

Illustrated notes

Levels and vault maps discovered:
D:1:      lightli_arrival_maybe_door_vault, layout_basic, minmay_domino_4
D:2:      minmay_razor_zed, layout_basic
D:3:      layout_loops_cross, ebering_ghost_rock_garden, palyth_stone_intersect,
          minmay_misc_feat_doors
D:4:      layout_layer_cave, serial_bayou, serial_bayou_pond_b,
          serial_bayou_crossing, serial_bayou_lagoon_b, serial_bayou_pond_b
D:5:      layout_layer_cave, overflow_temple_1_default,
          minmay_temple_entry_butterflies, grunt_decor_arrowhead
Temple:   kilobyte_greek_temple

Skill      XL: |  1  2  3  4  5  6  7 |
---------------+----------------------+-----
Dodging        | 2 |  2.3
Unarmed Combat | 4 |  4.5
Fighting       | 2 |  2.6
Transmutations | 3 4 5 6 7 |  7.0
Spellcasting   | |  2.0

Action                   |  1- 3 |  4- 6 |  7- 9 || total
-------------------------+-------+-------+-------++-------
Melee: Unarmed           |   135 |   204 |    57 ||   396
       Kick              |    23 |    26 |       ||    49
       Headbutt          |    10 |    17 |       ||    27
       Tailslap          |     7 |     9 |     1 ||    17
       Punch             |     1 |     2 |       ||     3
Throw: Dart              |       |    27 |     2 ||    29
 Cast: Beastly Appendage |    28 |    25 |       ||    53
       Wereblood         |     5 |    15 |       ||    20
       Spider Form       |       |    14 |    11 ||    25
  Use: Potion            |       |     1 |     3 ||     4
       Scroll            |       |    12 |       ||    12
 Stab: Sleeping          |     1 |       |       ||     1
Armor: Skin              |    38 |    37 |     5 ||    80
Dodge: Dodged            |    77 |   127 |    35 ||   239

Table legend: (Time is in decaauts)
 A = Elapsed time spent in this place.
 B = Non-inter-level travel time spent in this place.
 C = Inter-level travel time spent in this place.
 D = Time resting spent in this place.
 E = Time spent auto-exploring this place.
 F = Levels seen in this place.
 G = Mean time per level.
                   A        B        C        D        E       F      G
               +--------+--------+--------+--------+--------+-----+--------+
         Total |   7512 |   7162 |    350 |   1172 |   4994 |   6 | 1252.0 |
       Dungeon |   7416 |   7097 |    319 |   1172 |   4952 |   5 | 1483.2 |
        Temple |     95 |     64 |     31 |      0 |     42 |   1 |   95.0 |
               +--------+--------+--------+--------+--------+-----+--------+

Top non-repeatable levels by time:
     D:4: 2082 daAuts
     D:2: 1553 daAuts
     D:1: 1537 daAuts
     D:3: 1407 daAuts
     D:5: 835 daAuts
  Temple: 95 daAuts
